 Dungeon Crawl Stone Soup version 0.20.1-1-g8b1a95d (webtiles) character file.

1304 Ijustatesigmund the Cudgeler (level 8, -3/57 HPs)
             Began as an Octopode Fighter on Sept 26, 2017.
             Slain by Frank's ghost (5 damage)
             ... on level 6 of the Dungeon.
             The game lasted 00:10:04 (4674 turns).

Ijustatesigmund the Cudgeler (Octopode Fighter)     Turns: 4674, Time: 00:10:05

Health: -3/57      AC:  3    Str: 19    XL:     8   Next: 57%
Magic:  8/8        EV: 18    Int: 10    God:
Gold:   258        SH: 12    Dex: 19    Spells: 7/7 levels left

rFire    . . .     SeeInvis +   a - +0 flail
rCold    . . .     Gourm    .   b - +1 shield
rNeg     . . .     Faith    .   (helmet restricted)
rPois    .         Spirit   .   (no amulet)
rElec    .         Reflect  .   f - +2 ring of strength
rCorr    .         Harm     .   (no ring)
MR       .....                  (no ring)
Stlth    ++++......             (no ring)
Regen    0.2/turn               (no ring)
MPRegen  0.2/turn               (no ring)
                                (no ring)
                                (no ring)

@: agile
A: almost no armour, stealthy swim, amphibious, 8 rings, constrict 8, beak, icy
blue scales 1, camouflage 1, see invisible, strong 1, gelatinous body 1
a: no special abilities


You were on level 6 of the Dungeon.
You were not hungry.

You visited 1 branch of the dungeon, and saw 6 of its levels.

You collected 258 gold pieces.

Inventory:

Hand Weapons
 a - a +0 flail (weapon)
Missiles
 e - 7 javelins (quivered)
Armour
 b - a +1 shield (worn)
Jewellery
 f - a +2 ring of strength (left tentacle)
Wands
 i - a wand of enslavement (14/24)
 r - a wand of paralysis (12/24)
 s - a wand of lightning (8/15)
 t - a wand of iceblast (8/15)
Scrolls
 g - 3 scrolls of recharging
 k - 4 scrolls of remove curse
 u - a scroll of enchant armour
Potions
 l - a potion of magic
 m - a potion of agility
 n - a potion of brilliance
 o - 2 potions of flight
 p - 2 potions of lignification
 q - a potion of mutation
Books
 c - a book of Misfortune

   Spells                             Type                      Level
   a - Confusing Touch                Hexes                        1
   b - Confuse                        Hexes                        3
   c - Gell's Gravitas                Translocation                3
   d - Petrify                        Transmutation/Earth          4
   e - Metabolic Englaciation         Hexes/Ice                    5
   f - Yara's Violent Unravelling     Hexes/Transmutation          5
Comestibles
 d - 3 bread rations
 h - 4 meat rations


   Skills:
 + Level 5.9 Fighting
 * Level 7.4 Maces & Flails
 - Level 3.0 Dodging
 + Level 5.8 Shields


You had 7 spell levels left.
You didn't know any spells.

Dungeon Overview and Level Annotations

Branches:
Dungeon (6/15)
 Temple: D:4-7

Altars:
Ru
The Shining One

Annotations:
D:6 Frank's ghost, novice OpFi


Innate Abilities, Weirdness & Mutations

You cannot wear most types of armour.
You are very stealthy in the water. (Stealth+)
You are amphibious.
You can wear up to eight rings at the same time.
You can use your tentacles to constrict eight enemies at once.
Your skin changes colour to match your surroundings (Stealth+).
Your rubbery body absorbs attacks. (AC +1, EV +1)
You have a beak for a mouth.
You are partially covered in icy blue scales. (AC +2)
You have supernaturally acute eyesight. (SInv)
Your muscles are strong. (Str +2)


Message History

* * * LOW HITPOINT WARNING * * *
You block Frank's ghost's attack.
You closely miss Frank's ghost.
Frank's ghost is severely damaged.
Frank's ghost keens inconsolably.
Frank's ghost hits you.
* * * LOW HITPOINT WARNING * * *
You miss Frank's ghost.
Frank's ghost is severely damaged.
You feel less wooden. Frank's ghost closely misses you.
You sock Frank's ghost!
Frank's ghost is almost destroyed.
Frank's ghost hits you!
* * * LOW HITPOINT WARNING * * *
You closely miss Frank's ghost. Your squeeze misses Frank's ghost.
Frank's ghost is almost destroyed.
Frank's ghost keens inconsolably.
Frank's ghost hits you.
You die...

#.... .8. ?...
... ...###..
######......
......#....
..........
......#))###.#.#
........@).....+
#.....##W###.#.#
#$........#.#.#
#.###.........#
#.#<.)#.#..
#.#...# #
#.#...# #.#.#.#
#.#.#.#


You could see Frank's ghost.

Vanquished Creatures
  Sigmund (D:2)
  A wraith (D:5)
  Duvessa (D:3)
  A sky beast (D:6)
  An ogre (D:5)
  A scorpion (D:6)
  Dowan (D:4)
  2 orc priests
  A hound (D:5)
  5 orc wizards
  An iguana (D:5)
  Terence (D:2)
  2 worker ants
  A killer bee zombie (D:5)
  Robin (D:3)
  7 adders
  7 gnolls (D:5)
  An adder zombie (D:5)
  2 oozes
  4 worms
  2 dart slugs
  6 leopard geckos
  20 orcs
  2 ball pythons (D:4)
  3 giant cockroaches
  9 goblins
  8 hobgoblins
  3 jackals
  7 kobolds
  2 quokkas
  6 bats
  6 frilled lizards
  A quokka skeleton (D:5)
  4 rats
121 creatures vanquished.

Notes
Turn   | Place    | Note
-------+----------+-------------------------------------------
     0 | D:1      | Ijustatesigmund the Octopode Fighter began the quest for the Orb.
     0 | D:1      | Reached XP level 1. HP: 16/16 MP: 1/1
   180 | D:1      | Reached XP level 2. HP: 21/21 MP: 2/2
   734 | D:1      | Reached XP level 3. HP: 26/26 MP: 3/3
   805 | D:2      | Noticed Terence
   811 | D:2      | Killed Terence
   811 | D:2      | Reached skill level 3 in Maces & Flails
  1035 | D:2      | Reached XP level 4. HP: 31/31 MP: 4/4
  1095 | D:2      | Found a glowing golden altar of the Shining One.
  1159 | D:2      | Noticed Sigmund
  1166 | D:2      | Killed Sigmund
  1166 | D:2      | Reached skill level 4 in Maces & Flails
  1166 | D:2      | Reached XP level 5. HP: 15/37 MP: 5/5
  1167 | D:2      | Reached XP level 6. HP: 18/43 MP: 6/6
  1427 | D:2      | Gained mutation: You are frail. (-10% HP) [potion of mutation]
  1427 | D:2      | Gained mutation: Your system is resistant to poisons. (rPois) [potion of mutation]
  1427 | D:2      | Gained mutation: Your skin blends seamlessly with your surroundings (Stealth++). [potion of mutation]
  1782 | D:3      | Lost mutation: You are frail. (-10% HP) [potion of mutation]
  1782 | D:3      | Lost mutation: Your system is resistant to poisons. (rPois) [potion of mutation]
  1782 | D:3      | Lost mutation: Your skin blends seamlessly with your surroundings (Stealth++). [potion of mutation]
  1782 | D:3      | Gained mutation: You have a beak for a mouth. [potion of mutation]
  1782 | D:3      | Gained mutation: Your muscles are strong. (Str +2) [potion of mutation]
  1782 | D:3      | Gained mutation: You are partially covered in icy blue scales. (AC +2) [potion of mutation]
  1782 | D:3      | Gained mutation: You have supernaturally acute eyesight. (SInv) [potion of mutation]
  1994 | D:3      | Reached skill level 5 in Maces & Flails
  2120 | D:3      | Noticed Robin
  2126 | D:3      | Killed Robin
  2438 | D:4      | Noticed Duvessa
  2438 | D:4      | Noticed Dowan
  2446 | D:4      | Killed Dowan
  2446 | D:4      | Reached XP level 7. HP: 45/49 MP: 7/7
  2452 | D:3      | Killed Duvessa
  2749 | D:5      | Entered Level 5 of the Dungeon
  3122 | D:4      | Found a sacrificial altar of Ru.
  3167 | D:4      | Reached skill level 5 in Fighting
  3243 | D:4      | Reached skill level 6 in Maces & Flails
  3773 | D:5      | Reached skill level 5 in Shields
  3828 | D:5      | Reached XP level 8. HP: 50/55 MP: 8/8
  4187 | D:5      | Noticed a wraith
  4204 | D:5      | Killed a wraith
  4204 | D:5      | Reached skill level 7 in Maces & Flails
  4636 | D:6      | Noticed Frank's ghost (novice OpFi)
  4673 | D:6      | HP: 2/57 [Frank's ghost (14)]
  4674 | D:6      | Slain by Frank's ghost

Skill      XL: |  1  2  3  4  5  6  7  8 |
---------------+-------------------------+-----
Maces & Flails | 3 4 5 6 7 |  7.4
Fighting       | 4 5 |  5.9
Shields        | 4 5 |  5.8
Dodging        | |  3.0

Action                   |  1- 3 |  4- 6 |  7- 9 || total
-------------------------+-------+-------+-------++-------
Melee: Flail             |    43 |    85 |   128 ||   256
       Constrict         |    12 |    21 |    31 ||    64
       Tentacles         |     4 |    15 |    31 ||    50
       Peck              |       |    14 |    30 ||    44
Throw: Javelin           |       |     6 |       ||     6
  Use: Scroll            |     3 |     5 |     4 ||    12
       Potion            |       |     3 |     4 ||     7
 Stab: Sleeping          |     6 |     5 |     3 ||    14
       Distracted        |       |       |     1 ||     1
  Eat: Chunk             |       |     5 |     7 ||    12
Armor: Skin              |     4 |     6 |    45 ||    55
Dodge: Dodged            |    16 |    23 |    48 ||    87
Block: Shield            |    22 |    28 |    94 ||   144
